Map: Ley Lines

Players

dArchon

  • Race: Terran Terran
  • League: Gold
  • Spawn Location: 7:00

wootwoot - Winner!

  • Race: Terran Terran
  • League: Silver
  • Spawn Location: 1:00

VOD

Have the link to the VOD?

Description

Time

  • Played on: April 1, 2025, 6:26 p.m.
  • Length: 4:47
Show
View Real Time Build Order
Export as new Build Order

dArchon Terran 

Build Orders: 1/1/1 

Get SALT Encoding   

  12  0:01  SCV  
  13  0:13  SCV  
  14  0:21  Supply Depot  
  14  0:25  SCV  
  15  0:42  SCV  
  16  0:43  Barracks  
  16  0:47  Refinery  
  16  0:51  Refinery  
  16  0:55  SCV  
  17  1:04  Supply Depot  
  17  1:07  SCV  
  18  1:19  SCV  
  19  1:31  SCV  
  20  1:33  Factory  
  20  1:42  Barracks Tech Lab  
  20  1:43  SCV  
  21  1:55  SCV  
  22  2:07  SCV  
  23  2:19  SCV  
  23  2:22  Starport  
  24  2:26  Siege Tank  
  27  2:31  SCV  
  28  2:43  SCV  
  29  2:48  Command Center  
  29  2:55  SCV  
  30  2:58  Starport Reactor  
  30  3:06  Supply Depot  
  30  3:08  SCV  
  31  3:20  Supply Depot  
  31  3:28  Siege Tank, SCV  
  35  3:40  SCV  
  35  3:41  Engineering Bay  
  36  3:48  Viking x2  
Show
View Real Time Build Order
Export as new Build Order

wootwoot Terran - Winner!

Build Orders: 1/1/1 

Get SALT Encoding   

  12  0:00  SCV  
  13  0:12  SCV  
  14  0:17  Supply Depot  
  14  0:24  SCV  
  14  0:28  Refinery  
  15  0:38  SCV  
  16  0:45  Barracks  
  16  0:50  SCV  
  17  0:57  Refinery  
  17  1:02  SCV  
  18  1:15  SCV  
  19  1:32  Orbital Command  
  19  1:33  Factory  
  19  1:34  Barracks Reactor  
  19  1:44  Supply Depot  
  19  1:59  SCV  
  20  2:11  Marine x2  
  22  2:17  Starport, Factory Tech Lab  
  22  2:23  Supply Depot  
  22  2:29  Marine x2  
  24  2:36  Siege Tank  
  27  2:46  Marine  
  27  2:47  Marine  
  29  2:53  Medivac  
  31  3:04  Marine x2  
  33  3:08  Siege Tank  
  36  3:13  Supply Depot  
  36  3:21  SCV  
  36  3:22  Marine x2  
  39  3:35  Viking  
  39  3:37  Supply Depot  
  39  3:41  Marine x2  
  43  3:48  SCV  
  44  4:05  Siege Tank  
  44  4:06  Marine x2  
  49  4:18  SCV  
Tags
 
Matchup
TvT
Opening
1/1/11/1/1
Race
Terran
Replay Pack
B2M-Replays
Spawn Locations
Cross Positions
Add a new tag
Caveats
  • Supply blocks, unpowered buildings, or Contaminate may cause inaccurate times.
  • Supply counts are checked every 10 seconds.